 Dungeon Crawl Stone Soup version 0.29-a0-206-g4a66f2e2b5 (webtiles) character file.

Game seed: 3915095207801141743

9 mopl the Sneak (level 2, 0/21 HPs)
             Began as an Octopode Delver on Feb 23, 2022.
             Was an Initiate of Dithmenos.
             Succumbed to an adder's poison
             ... on level 5 of the Dungeon.
             The game lasted 00:01:08 (120 turns).

mopl the Sneak (Octopode Delver)                     Turns: 120, Time: 00:01:08

Health: 0/21       AC:  1    Str: 11    XL:     2   Next: 16%
Magic:  2/2        EV: 13    Int: 12    God:    Dithmenos [......]
Gold:   39         SH:  0    Dex: 13    Spells: 1/1 levels left

rFire   . . .      SeeInvis .   a - +0 falchion
rCold   . . .      Faith    .   (no shield)
rNeg    . . .      Spirit   .   (helmet restricted)
rPois   .          Reflect  .   (no amulet)
rElec   .          Harm     .   (no ring)
rCorr   .          Rampage  .   (no ring)
Will    .....                   (no ring)
Stlth   +++++.....              (no ring)
HPRegen 0.07/turn               (no ring)
MPRegen 0.08/turn               (no ring)
                                (no ring)
                                (no ring)

@: lethally poisoned (0 -> -5)
A: almost no armour, amphibious, 8 rings, camouflage 1, gelatinous body 1,
nimble swimmer 1, tentacles
a: Renounce Religion


You were on level 5 of the Dungeon.
You worshipped Dithmenos.
Dithmenos was noncommittal.
You visited 2 branches of the dungeon, and saw 2 of its levels.

You collected 39 gold pieces.

Inventory:

Hand Weapons
 a - a +0 falchion (weapon)
Wands
 f - a wand of digging (3)
Scrolls
 b - a scroll of fog
 d - a scroll of fear
 g - a scroll of identify {unknown}
Potions
 e - a potion of haste


   Skills:
 + Level 3.0 Fighting
 * Level 2.2 Long Blades
 + Level 2.1 Dodging
 + Level 6.7 Stealth
 + Level 0.4 Invocations
 + Level 0.4 Evocations


You had one spell level left.
You didn't know any spells.
Your spell library was empty.

Dungeon Overview and Level Annotations

Branches:
Dungeon (5/15)             Temple (1/1) D:5

Altars:
Dithmenos
Kikubaaqudgha
Makhleb
Zin

Portals:
Sewer: D:5

Annotations:
D:5 Dowan


Innate Abilities, Weirdness & Mutations

You cannot wear most types of armour.
You are amphibious.
You can wear up to eight rings at the same time.
Your skin changes colour to match your surroundings (Stealth+).
Your rubbery body absorbs attacks. (AC +1, EV +1)
You are camouflaged when in or above water. (Stealth+)
You have tentacles for arms and can constrict up to eight enemies at once.


Message History

Press < or > to pray at altars.
There is a staircase back to the Dungeon here.
You climb upwards.
You hear the sound of rushing water.
There is an entrance to a sewer on this level.
Hurry and find it before the portal rusts away!
Level annotation: Dowan You hear the slow rusting of a drain nearby.
There is a staircase to the Ecumenical Temple here.
Unknown command.
You see here a +0 short sword.
A hound skeleton comes into view.
You hear the slow rusting of a drain very nearby.
An adder comes into view.
Found a glowing drain.
Found a stone staircase leading up.
The adder closely misses you.
You closely miss the adder. Your grab misses the adder.
Your squeeze misses the adder. The adder closely misses you.
You closely miss the adder. Your grab misses the adder.
Your squeeze misses the adder. The adder misses you. The adder bites you.
You barely miss the adder. You grab the adder. You squeeze the adder.
The adder is heavily wounded.
You constrict the adder. The adder bites you.
You are poisoned.
The adder poisons you! The adder bites you.
You are more poisoned.
The adder poisons you!
You hit the adder.
The adder is severely wounded.
You constrict the adder.
You kill the adder!
Dithmenos accepts your kill.
* * * LOW HITPOINT WARNING * * *
You feel very sick.
You have reached level 2!
* * * LOW HITPOINT WARNING * * *
You feel sick.
Okay, then.
* * * LOW HITPOINT WARNING * * *
You feel sick.
You die...

*,**,***,***,*,,,,,,,,,,,,**
*,,,,,,,,,,,,,,,,,,,,,,,,,,,
*,**,***,,,,,,,,****,*,*****
*,**,*******,**,* *,,,* *
*,**,,,,,,,,,**,* **,,* *
*,,,,,,,,******,*****,,*****
##########*,* *,,,,,,,,*,,*<,,,
#........##########,,,,*,,*****
#.######.≈≈≈≈≈@≈∩≈#,,,,*,,,,,,,
#.#<.....##########,,,,,..*****
#.##.#....*,,*#......,,,#.* *
#.#,,#.#..#,,*#......,,,#.* *
#.#,,#.#..#.,*#.....,,,,#.* *
#.#..#....#e.##.....,,,,#.## *
#.#...,..........[.,,,,,*..# *
#.##.#*.#*#####...########.####
#.#...,,,,#.....#..............


There were no monsters in sight!

Vanquished Creatures
  An adder (D:5)
1 creature vanquished.

Notes
Turn   | Place    | Note
-------+----------+-------------------------------------------
     0 | D:5      | mopl the Octopode Delver began the quest for the Orb.
     0 | D:5      | Reached XP level 1. HP: 16/16 MP: 1/1
    39 | D:5      | Noticed Dowan
    40 | D:5      | Found a staircase to the Ecumenical Temple.
    47 | Temple   | Entered the Ecumenical Temple
    51 | Temple   | Became a worshipper of Dithmenos the Shadowed
   110 | D:5      | Found a glowing drain.
   118 | D:5      | Reached XP level 2. HP: 5/21 MP: 2/2
   119 | D:5      | HP: 1/21 [poisoned by an adder]
   120 | D:5      | Succumbed to an adder's poison

Illustrated notes

Levels and vault maps discovered:
D:5:      layout_basic, nicolae_gozag_seed_capital, minmay_temple_entry_slanted,
          portal_sewer_entry_d, serial_undead, serial_undead_d, serial_undead_d,
          serial_undead_e, serial_undead_d, minmay_misc_feat_rugged,
          uniq_duvessa, uniq_pikel
Temple:   zaba_magenta_temple

Action                   || total
-------------------------++-------
Melee: Falchion          ||     4
       Constrict         ||     1
       Tentacles         ||     1
  Use: Scroll            ||     1
Dodge: Dodged            ||     3

Table legend: (Time is in decaauts)
 A = Elapsed time spent in this place.
 B = Non-inter-level travel time spent in this place.
 C = Inter-level travel time spent in this place.
 D = Time resting spent in this place.
 E = Time spent auto-exploring this place.
 F = Levels seen in this place.
 G = Mean time per level.
                   A        B        C        D        E       F      G
               +--------+--------+--------+--------+--------+-----+--------+
         Total |    121 |    121 |      0 |      0 |      0 |   2 |   60.5 |
       Dungeon |    112 |    112 |      0 |      0 |      0 |   1 |  112.0 |
        Temple |      8 |      8 |      0 |      0 |      0 |   1 |    8.0 |
               +--------+--------+--------+--------+--------+-----+--------+

Top non-repeatable levels by time:
     D:5: 112 daAuts
  Temple: 8 daAuts
